 Dungeon Crawl Stone Soup version 0.32-a0-818-gb728d0252e (webtiles) character file.

Game seed: 811629487786422218

24 Goblin1989 the Sneak (level 2, -3/22 HPs)
             Began as a Demonspawn Brigand on Mar 24, 2024.
             Was an Initiate of Dithmenos.
             Slain by a ribbon worm (7 damage)
             ... on level 2 of the Dungeon.
             The game lasted 00:01:55 (939 turns).

Goblin1989 the Sneak (Demonspawn Brigand)            Turns: 939, Time: 00:01:56

Health: -3/22      AC:  3    Str: 11    XL:     2   Next: 79%
Magic:  2/2        EV: 10    Int: 11    God:    Dithmenos [......]
Gold:   108        SH:  0    Dex: 14    Spells: 1/1 levels left

rFire   . . .        a - +2 dagger
rCold   . . .        (no shield)
rNeg    . . .        b - +0 robe
rPois   .            (no helmet)
rElec   .            c - +0 cloak
rCorr   .            (no gloves)
SInv    .            (no boots)
Will    .....        (no amulet)
Stlth   +++          (no ring)
HPRegen 0.23/turn    (no ring)
MPRegen 0.08/turn

%: no passive effects
@: no status effects
A: powered by pain 1
a: Renounce Religion


You were on level 2 of the Dungeon.
You worshipped Dithmenos.
Dithmenos was noncommittal.
You visited 1 branch of the dungeon, and saw 2 of its levels.

You collected 108 gold pieces.

Inventory:

Hand Weapons
 a - a +2 dagger (weapon)
Missiles
 d - 9 poisoned darts (quivered)
 e - 3 curare-tipped darts
 h - 4 datura-tipped darts
Armour
 b - a +0 robe (worn)
 c - a +0 cloak (worn)
Scrolls
 f - a scroll of fog {unknown}
 g - a scroll of noise {unknown}
 k - a scroll of amnesia {unknown}
 l - a scroll of immolation {unknown}
Potions
 i - a potion of magic {unknown}
 j - a potion of heal wounds {unknown}
 m - 2 potions of degeneration {unknown}


   Skills:
 - Level 2.0 Fighting
 + Level 2.4 Short Blades
 - Level 1.7 Throwing
 - Level 0.8 Dodging
 + Level 4.1 Stealth


You had one spell level left.
You didn't know any spells.
Your spell library contained the following spells:

 Spells                   Type           Power      Damage    Failure   Level
 Apportation              Tloc           0%         N/A       34%         1
 Jinxbite                 Hex            0%         N/A       47%         2
 Hailstorm                Conj/Ice       0%         3d5       71%         3
 Summon Ice Beast         Ice/Summ       0%         N/A       71%         3
 Alistair's Intoxication  Alch           0%         N/A       100%        5
 Permafrost Eruption      Ice/Erth       0%         2x4d2     100%        6
 Sculpt Simulacrum        Ice/Alch       0%         N/A       100%        6


Dungeon Overview and Level Annotations

Branches:
Dungeon (2/15) Zot: 11062

Altars:
Dithmenos


Innate Abilities, Weirdness & Mutations

You sometimes gain a little power by taking damage.


Message History

No target in view!
No target in view!
No target in view!
No target in view!
No target in view!
No target in view!
No target in view!
No target in view!
No target in view!
No target in view!
No target in view!
Things that are here:
a +0 short sword; a stone; a kobold corpse An adder comes into view.
Health restored: 22 You throw a curare-tipped dart.
The curare-tipped dart hits the adder.
The adder is poisoned.
The adder struggles to breathe.
The adder seems to slow down.
The adder is moderately wounded.
The adder bites you.
You take 1 damage, and have 21/22 hp.
You barely miss the adder.
The adder is severely wounded.
The adder bites you but does no damage.
You hit the adder.
You kill the adder!
Dithmenos accepts your kill.
No target in view!
No target in view!
Found a ring mail.
Health restored: 22
Found a stone staircase leading down.
k - a scroll labelled PUSTRE FANUCK
e - 3 curare-tipped darts (gained 1)
Found a ring mail.
You see here a +0 ring mail.
Found a stone.
l - a scroll labelled SAKUURR PUEREH
Found a stone staircase leading down.
m - 2 dark potions
There is a stone staircase leading down here.
A ribbon worm comes into view.
The ribbon worm expels a string of sticky webbing.
The stream of webbing hits you but does no damage.
You are caught in a web!
There is a web here.
The web tears apart.
The ribbon worm bites you!
You take 7 damage, and have 15/22 hp.
MASSIVE DAMAGE!!
You hit the ribbon worm.
The ribbon worm is lightly wounded.
The ribbon worm barely misses you.
You hit the ribbon worm.
The ribbon worm is moderately wounded.
You barely miss the ribbon worm.
The ribbon worm is moderately wounded.
The ribbon worm expels a string of sticky webbing.
The stream of webbing misses you.
You hit the ribbon worm.
The ribbon worm is heavily wounded.
The ribbon worm bites you.
You take 5 damage, and have 11/22 hp.
MASSIVE DAMAGE!!
You are too injured to fight recklessly!
You are too injured to fight recklessly!
You are too injured to fight recklessly!
You are too injured to fight recklessly!
You are too injured to fight recklessly!
You are too injured to fight recklessly!
You are too injured to fight recklessly!
You are too injured to fight recklessly!
You are too injured to fight recklessly!
You are too injured to fight recklessly!
You are too injured to fight recklessly!
You are too injured to fight recklessly!
You are too injured to fight recklessly!
You are too injured to fight recklessly!
You are too injured to fight recklessly!
You are too injured to fight recklessly!
You are too injured to fight recklessly!
You are too injured to fight recklessly!
You are too injured to fight recklessly!
You are too injured to fight recklessly!
You are too injured to fight recklessly!
You are too injured to fight recklessly!
You hit the ribbon worm but do no damage.
The ribbon worm is heavily wounded.
You hit the ribbon worm.
The ribbon worm is severely wounded.
The ribbon worm bites you.
* * * LOW HITPOINT WARNING * * *
You take 4 damage, and have 7/22 hp.
You hit the ribbon worm.
The ribbon worm is severely wounded.
The ribbon worm bites you.
* * * LOW HITPOINT WARNING * * *
You take 3 damage, and have 4/22 hp.
You hit the ribbon worm.
The ribbon worm is severely wounded.
The ribbon worm bites you!
You die...

█.█ █..█.██.█........... ██████.█
█ █................... .......█
█.█.█.....█........... █████..█
██.█.█.....█........... █......█
...............████.█. █......█
█.....██<............ █......█
█.....██...⌂..███.███
.......█.████..w..██........)....
................@.██........███..
█......█..███.....████..██.......
█......██.. █..██.████.......███.
█......██.█ █..........███...█ ██
█........ ....████.█..██ █...█ █
.......██.████ ██.█..█ █...█ █
.......██.███████....██ █.... .
██....███......██..█.█
...█...███████.....█.█


You could see a ribbon worm.

Vanquished Creatures
  An adder (D:2)
  An endoplasm (D:1)
  2 goblins (D:2)
  A hobgoblin (D:1)
  A kobold (D:2)
  4 ball pythons
  2 bats (D:1)
  4 rats
16 creatures vanquished.

Notes
Turn   | Place    | Note
-------+----------+-------------------------------------------
     0 | D:1      | Goblin1989 the Demonspawn Brigand began the quest for the
                  | Orb.
     0 | D:1      | Reached XP level 1. HP: 16/16 MP: 1/1
   433 | D:1      | Gained mutation: You sometimes gain a little power by
                  | taking damage. [demonic ancestry]
   433 | D:1      | Reached XP level 2. HP: 22/22 MP: 2/2
   594 | D:2      | Found a shadowy altar of Dithmenos.
   598 | D:2      | Became a worshipper of Dithmenos the Shadowed
   759 | D:2      | Reached skill level 4 in Stealth
   939 | D:2      | Slain by a ribbon worm

Illustrated notes

Levels and vault maps discovered:
D:1:      spicycebolla_green_bress_n_ham_2, layout_loops_cross,
          minmay_liquid_box, minmay_hexomino_f4
D:2:      layout_basic, basic_altar

Skill      XL: |  1  2 |
---------------+-------+-----
Short Blades   | 2 |  2.4
Stealth        | 4 |  4.1
Fighting       | |  2.0
Throwing       | |  1.7
Dodging        | |  0.8

Action                     || total
---------------------------++-------
  Melee: Dagger            ||    44
  Throw: Dart              ||     1
   Stab: Sleeping          ||     4
 Armour: Robe              ||    21
  Dodge: Dodged            ||    12

Table legend: (Time is in decaauts)
 A = Elapsed time spent in this place.
 B = Non-inter-level travel time spent in this place.
 C = Inter-level travel time spent in this place.
 D = Time resting spent in this place.
 E = Time spent auto-exploring this place.
 F = Levels seen in this place.
 G = Mean time per level.
                   A        B        C        D        E       F      G
               +--------+--------+--------+--------+--------+-----+--------+
         Total |    936 |    932 |      4 |      0 |    785 |   2 |  468.0 |
       Dungeon |    936 |    932 |      4 |      0 |    785 |   2 |  468.0 |
               +--------+--------+--------+--------+--------+-----+--------+

Top non-repeatable levels by time:
     D:1: 594 daAuts
     D:2: 342 daAuts
